 Dungeon Crawl Stone Soup version 0.20-a0-960-ge493e74 (webtiles) character file.

43 MrRokkomies the Bolt Thrower (level 3, -4/23 HPs)
             Began as a Kobold Hunter on Apr 7, 2017.
             Killed by nerve-wracking pain
             ... invoked by Jessica
              (10 damage)
             ... on level 2 of the Dungeon.
             The game lasted 00:02:09 (1515 turns).

MrRokkomies the Bolt Thrower (Kobold Hunter)        Turns: 1515, Time: 00:02:10

Health: -4/23      AC:  5    Str: 10    XL:     3   Next: 82%
Magic:  3/3        EV: 13    Int: 12    God:
Gold:   30         SH:  0    Dex: 15    Spells: 2/2 levels left

rFire    . . .     SeeInvis .   m - -3 short sword (curse)
rCold    . . .     Gourm    .   (shield restricted)
rNeg     . . .     Faith    .   l - +0 ring mail
rPois    .         Spirit   .   (no helmet)
rElec    .         Reflect  .   (no cloak)
rCorr    .         Harm     .   (no gloves)
MR       .....                  (no boots)
Stlth    +.........             (no amulet)
Regen    0.1/turn               (no ring)
MPRegen  0.1/turn               (no ring)

@: no status effects
A: carnivore 3
a: no special abilities


You were on level 2 of the Dungeon.
You were hungry.

You visited 1 branch of the dungeon, and saw 2 of its levels.

You collected 30 gold pieces.

Inventory:

Hand Weapons
 a - a +1 hand crossbow
 b - a +0 short sword
 m - a cursed -3 short sword (weapon)
Missiles
 d - 20 bolts
 e - 17 poisoned needles
Armour
 l - a +0 ring mail (worn)
Jewellery
 i - a +6 amulet of reflection {unknown}
Scrolls
 c - a scroll of identify {unknown}
Potions
 g - 2 potions of haste {unknown}
 h - a potion of magic {unknown}
 k - a potion of invisibility {unknown}
Comestibles
 f - 2 meat rations


   Skills:
 * Level 3.3 Fighting
 * Level 5.6 Crossbows
 - Level 2.4 Dodging
 - Level 1.3 Stealth


You had 2 spell levels left.
You didn't know any spells.

Dungeon Overview and Level Annotations

Branches:
Dungeon (2/15)

Altars:

Annotations:
D:2 Jessica


Innate Abilities, Weirdness & Mutations

You are small and have problems with some larger weapons.
You are carnivorous and can eat meat at any time.


Message History

Found 16 bolts.
The goblin barely misses you.
You closely miss the goblin. The goblin misses you.
You closely miss the goblin. The goblin hits you but does no damage.
Jessica mumbles some strange words.
Jessica blinks!
Jessica gestures at you while chanting. Pain shoots through your body!
Ouch! That really hurt!
Jessica barely misses you.
Jessica mumbles some strange words.
Jessica blinks!
You see here a scroll labeled DUNIES DUNUSU.
c - a scroll labeled DUNIES DUNUSU The goblin hits you.
The goblin hits you.
* * * LOW HITPOINT WARNING * * *
Jessica points at you and mumbles some strange words.
Pain shoots through your body!
You die...

#<# #..........
#.####รท#########
..............
..............
#.####.#.########
......).....^...#
#.####.#.######.# #
#.####.#.# ###.######.#
#....#...# #...@......#
####.##### #....g.....#
#.# #..........# # #.#
##...@......# # #.#
......#.######.# # #.#
.####.#w# # # #.#
#.####.#.######( ####.#
#...............
.....########.#.######.#


You could see a dart slug, Jessica and a goblin.

Vanquished Creatures
  An adder (D:2)
  A dart slug (D:1)
  A leopard gecko (D:1)
  3 bats
  3 goblins (D:1)
  2 hobgoblins
  6 jackals (D:1)
  2 kobolds
  5 frilled lizards
  6 rats
30 creatures vanquished.

Notes
Turn   | Place    | Note
-------+----------+-------------------------------------------
     0 | D:1      | MrRokkomies the Kobold Hunter began the quest for the Orb.
     0 | D:1      | Reached XP level 1. HP: 12/12 MP: 1/1
    50 | D:1      | Reached skill level 5 in Crossbows
    74 | D:1      | Reached XP level 2. HP: 10/18 MP: 2/2
   297 | D:1      | Reached XP level 3. HP: 21/22 MP: 3/3
  1499 | D:2      | Noticed Jessica
  1515 | D:2      | Killed from afar by Jessica

Vault maps used:
D:1:      ncdulo_smallfort, hex_large, roderic_bipointed_swastika,
          minmay_misc_feat_more_columns, minmay_misc_feat_columns
D:2:      lemuel_coloured_pillars_altar, nicolae_underground_beach, uniq_jessica

Skill      XL: |  1  2  3 |
---------------+----------+-----
Crossbows      | 5 |  5.6
Fighting       | 3 |  3.3
Dodging        | |  2.4
Stealth        | |  1.3

Action                   || total
-------------------------++-------
Melee: Short sword       ||   114
 Fire: Hand crossbow     ||     6
  Use: Scroll            ||     2
 Stab: Sleeping          ||     2
  Eat: Chunk             ||     1
Armor: Leather armour    ||     2
       Ring mail         ||    44
Dodge: Dodged            ||   112
